 Dungeon Crawl Stone Soup version 0.30-a0-956-gcec3b41aec (webtiles) character file.

Game seed: 6251773296025847537

350 lesbiats the Trooper (level 6, -1/67 HPs)
             Began as an Ogre Fighter on Mar 30, 2023.
             Killed by nerve-wracking pain
             ... invoked by Grinder
              (2 damage)
             ... on level 4 of the Dungeon.
             The game lasted 00:07:53 (3603 turns).

lesbiats the Trooper (Ogre Fighter)                 Turns: 3603, Time: 00:07:54

Health: -1/67      AC:  4    Str: 23    XL:     6   Next: 61%
Magic:  6/6        EV:  9    Int:  9    God:
Gold:   149        SH:  7    Dex:  8    Spells: 5/5 levels left

rFire   . . .      SeeInvis .    a - +0 flail
rCold   . . .      Faith    .    c - +0 kite shield
rNeg    . . .      Spirit   .    b - +0 robe
rPois   .          Reflect  .    h - +1 hat
rElec   .          Rampage  .    (no cloak)
rCorr   .                        (gloves unavailable)
Will    .....                    (boots unavailable)
Stlth   +                        (no amulet)
HPRegen 0.31/turn                (no ring)
MPRegen 0.10/turn                (no ring)

@: no status effects
A: large, unfitting armour, tough skin 1
a: no special abilities


You were on level 4 of the Dungeon.
You visited 1 branch of the dungeon, and saw 4 of its levels.

You collected 149 gold pieces.

Inventory:

Hand Weapons
 a - a +0 flail (weapon)
Missiles
 u - 2 poisoned darts (quivered)
 w - a boomerang
Armour
 b - a +0 robe (worn)
 c - a +0 kite shield (worn)
 h - a +1 hat (worn)
Jewellery
 l - an amulet of faith
Scrolls
 e - 4 scrolls of identify {unknown}
 j - 2 scrolls of amnesia {unknown}
 k - a scroll of enchant weapon {unknown}
 n - 3 scrolls of teleportation {unknown}
 o - a scroll of brand weapon {unknown}
 p - a scroll of enchant armour {unknown}
 q - a scroll of noise {unknown}
 r - a scroll of fog {unknown}
 s - a scroll of immolation {unknown}
 t - a scroll of poison {unknown}
 v - a scroll of magic mapping {unknown}
Potions
 d - a potion of might
 f - a potion of attraction {unknown}
 g - 3 potions of curing {unknown}
 i - a potion of lignification {unknown}
 m - a potion of ambrosia {unknown}
 x - a potion of berserk rage {unknown}
 z - a potion of flight {unknown}


   Skills:
 + Level 5.8 Fighting
 * Level 4.5 Maces & Flails
 + Level 4.0 Dodging
 - Level 3.0 Shields


You had 5 spell levels left.
You didn't know any spells.
Your spell library contained the following spells:

 Spells                   Type           Power      Damage    Failure   Level
 Sting                    Tmut/Pois      0%         1d3       67%         1
 Poisonous Vapours        Pois/Air       0%         N/A       82%         2
 Tukima's Dance           Hex            0%         N/A       96%         3
 Olgreb's Toxic Radiance  Pois           0%         N/A       100%        4
 Passage of Golubria      Tloc           0%         N/A       100%        4
 Yara's Violent Unravell  Hex/Tmut       0%         3d3       100%        5


Dungeon Overview and Level Annotations

Branches:
Dungeon (4/15)
 Temple: D:4-7

Altars:

Annotations:
D:4 Grinder


Innate Abilities, Weirdness & Mutations

You are too large for most types of armour.
You have tough skin. (AC +1)


Message History

Grinder gestures at you. Pain shoots through your body!
* * * LOW HITPOINT WARNING * * *
Grinder blinks!
Grinder hits you.
* * * LOW HITPOINT WARNING * * *
There is a stone staircase leading up here.
You barely miss Grinder.
Grinder is heavily wounded.
You block Grinder's attack.
You closely miss Grinder.
Grinder is heavily wounded.
Grinder barely misses you.
You closely miss Grinder.
Grinder is heavily wounded.
Grinder says, "There's only one good use for a tongue: cutting it out."
You block Grinder's attack. Grinder gestures at you.
Pain shoots through your body!
* * * LOW HITPOINT WARNING * * *
You hit Grinder.
Grinder is heavily wounded.
Grinder gestures at you. You resist with some effort.
You sock Grinder!
Grinder is almost dead.
You block Grinder's attack.
You barely miss Grinder.
Grinder is almost dead.
Grinder gestures at you.
You struggle to resist.
Grinder hits you!
* * * LOW HITPOINT WARNING * * *
You writhe in agony.
* * * LOW HITPOINT WARNING * * *
Unknown command.
You hit Grinder.
Grinder is almost dead.
Grinder gestures at you. Pain shoots through your body!
You die...

...####.....## #.#
.............# #.#
.............###>###
..##)..............#
.####))............#
# ###.)............#
#.......#........#
#.......#.....5..#
................@..#
...................#
..........#........#
..........#....)...#
...................#
...........##.##..##
#..........##.###.#
...........##.## .#
#..........##).##.#


You could see Grinder.

Vanquished Creatures
  A scorpion (D:3)
  A hound (D:3)
  Terence (D:3)
  Natasha (thrice) (D:3)
  4 gnolls
  4 adders
  2 worms (D:3)
  A dart slug (D:1)
  6 orcs
  7 ball pythons
  6 endoplasms
  2 giant cockroaches (D:2)
  4 hobgoblins
  4 jackals (D:1)
  7 kobolds
  6 quokkas
  5 bats
  4 frilled lizards (D:1)
  4 goblins
  7 rats
79 creatures vanquished.

Notes
Turn   | Place    | Note
-------+----------+-------------------------------------------
     0 | D:1      | lesbiats the Ogre Fighter began the quest for the Orb.
     0 | D:1      | Reached XP level 1. HP: 24/24 MP: 1/1
   276 | D:1      | Reached XP level 2. HP: 28/32 MP: 2/2
   504 | D:1      | Reached XP level 3. HP: 35/40 MP: 3/3
  1288 | D:2      | Reached XP level 4. HP: 41/49 MP: 4/4
  2194 | D:2      | Reached XP level 5. HP: 55/55 MP: 5/5
  2267 | D:3      | Noticed Natasha
  2270 | D:3      | Killed Natasha
  2271 | D:3      | Reached skill level 5 in Fighting
  2565 | D:3      | Noticed Natasha
  2570 | D:3      | Killed Natasha
  2571 | D:3      | Reached XP level 6. HP: 66/66 MP: 6/6
  2703 | D:3      | Noticed Natasha
  2730 | D:3      | Killed Natasha
  2932 | D:3      | Noticed Terence
  2954 | D:3      | Killed Terence
  3276 | D:3      | Found a faded altar of an unknown god.
  3573 | D:4      | Noticed Grinder
  3579 | D:4      | Paralysed by Grinder for 5 turns
  3602 | D:4      | HP: 3/67 [Grinder (7)]
  3602 | D:4      | HP: 1/67 [Grinder (2)]
  3603 | D:4      | Killed from afar by Grinder

Illustrated notes

Levels and vault maps discovered:
D:1:      dpeg_arrival_rooms_with_view, layout_basic
D:2:      layout_loops_cross, serial_glass, glass_columns_a, glass_columns_a
D:3:      minmay_angry_zag, layout_basic, shapermc_ecumenical_altar_hornbeckon,
          hangedman_abyss_or_decor_lesser_grid, uniq_natasha, uniq_terence
D:4:      layout_rooms, nicolae_eternal_life, minmay_increasing_density,
          uniq_grinder

Skill      XL: |  1  2  3  4  5  6 |
---------------+-------------------+-----
Maces & Flails | 2 3 4 |  4.5
Dodging        | 3 4 |  4.0
Fighting       | 5 |  5.8
Shields        | |  3.0

Action                     |  1- 3 |  4- 6 || total
---------------------------+-------+-------++-------
  Melee: Flail             |   105 |   169 ||   274
  Throw: Dart              |       |     2 ||     2
   Stab: Sleeping          |     2 |       ||     2
 Armour: Robe              |    37 |    32 ||    69
  Dodge: Dodged            |    40 |    67 ||   107
  Block: Kite shield       |    49 |    67 ||   116

Table legend: (Time is in decaauts)
 A = Elapsed time spent in this place.
 B = Non-inter-level travel time spent in this place.
 C = Inter-level travel time spent in this place.
 D = Time resting spent in this place.
 E = Time spent auto-exploring this place.
 F = Levels seen in this place.
 G = Mean time per level.
                   A        B        C        D        E       F      G
               +--------+--------+--------+--------+--------+-----+--------+
         Total |   3708 |   3554 |    154 |    739 |   1837 |   4 |  927.0 |
       Dungeon |   3708 |   3554 |    154 |    739 |   1837 |   4 |  927.0 |
               +--------+--------+--------+--------+--------+-----+--------+

Top non-repeatable levels by time:
     D:1: 1252 daAuts
     D:2: 1188 daAuts
     D:3: 1058 daAuts
     D:4: 208 daAuts
